 Dungeon Crawl Stone Soup version 0.30.0-5-g1a98f26d00 (webtiles) character file.

Game seed: 15087320120696365233

27938 backslashecho the Black Belt (level 14, 0/113 HPs)
             Began as a Meteoran Transmuter on May 8, 2023.
             Was a High Priest of the Shining One.
             Slain by a six-headed hydra (6 damage)
             ... on level 13 of the Dungeon.
             The game lasted 00:57:25 (6089 turns).

backslashecho the Black Belt (Meteoran Transmuter)  Turns: 6089, Time: 00:57:26

Health: 0/113      AC: 10    Str: 12    XL:     14   Next: 6%
Magic:  25/25      EV: 17    Int: 20    God:    the Shining One [*****.]
Gold:   865        SH:  0    Dex: 15    Spells: 9/27 levels left

rFire   + .          .
                       - Unarmed
rCold   + . .        (no shield)
rNeg    + + .        c - +2 robe {Will+}
rPois   .            u - melded +1 helmet
rElec   .            Q - scarf {rC+ rF+}
rCorr   +            k - +1 pair of gloves
SInv    .            (boots currently unavailable)
Will    ++...        K - amulet of the acrobat
Stlth   +            n - ring of resist corrosion
HPRegen 0.38/turn    s - +4 ring of protection
MPRegen 0.19/turn

%: acrobat
@: appendages, wereblooded, glowing, studying Unarmed Combat
A: horns 2, talons 2, sense surroundings 2, otherworldly, glowing, explore regen
a: End Transformation, Renounce Religion, Divine Shield, Cleansing Flame, Summon
Divine Warrior


You were on level 13 of the Dungeon.
You worshipped the Shining One.
The Shining One was extremely pleased with you.
You had temporarily grown beastly horns and talons.
You visited 2 branches of the dungeon, and saw 15 of its levels.
You also visited: Bailey and Gauntlet.

You collected 1860 gold pieces.
You spent 995 gold pieces at shops.

Inventory:

Hand Weapons
 b - a +1 heavy shortbow
Missiles
 a - 23 poisoned darts (quivered)
 q - 3 throwing nets
 v - 4 curare-tipped darts
Armour
 c - a +2 robe of willpower (worn)
 j - a +2 ring mail of poison resistance
 k - a +1 pair of gloves (worn)
 o - +0 steam dragon scales
 u - a +1 helmet (melded)
 y - a +0 troll leather armour
 P - a +1 robe of resistance
 Q - a scarf of resistance (worn)
 R - a +1 kite shield of protection
 S - the +5 ring mail of Kikubaaqudgha's Wrath {Drain rF+ rC+}
   (You took it off a minotaur in a Gauntlet)

   rF:        It protects you from fire.
   rC:        It protects you from cold.
   Drain:     It drains your maximum health when unequipped.
 U - +2 swamp dragon scales
 W - the +0 scale mail "Zuvy" {Rampage rCorr Dex+4}
   (You found it on level 13 of the Dungeon)

   Dex:       It affects your dexterity (+4).
   rCorr:     It protects you from acid and corrosion.
   Rampage:   It bestows one free step when moving towards enemies.
Magical Staves
 d - a staff of air
Jewellery
 m - a ring of ice
 n - a ring of resist corrosion (left hand)
 s - a +4 ring of protection (right hand)
 A - a ring of fire
 K - an amulet of the acrobat (around neck)
 M - a ring of protection from fire
Wands
 r - a wand of paralysis (17)
 x - a wand of mindburst (6)
 I - a wand of roots (17)
 T - a wand of digging (8)
Scrolls
 f - a scroll of fog
 g - 3 scrolls of teleportation
 h - 3 scrolls of blinking
 l - a scroll of silence
 w - a scroll of fear
 F - 3 scrolls of identify
 G - a scroll of butterflies
 V - a scroll of amnesia
Potions
 e - 4 potions of curing
 i - 3 potions of flight
 p - a potion of attraction
 t - 3 potions of magic
 z - a potion of cancellation
 C - a potion of brilliance
 D - a potion of invisibility
 E - 3 potions of might
 H - 2 potions of mutation
 L - a potion of resistance
 N - a potion of heal wounds
 O - a potion of haste
Miscellaneous
 B - a box of beasts
 J - a phantom mirror


   Skills:
 - Level 7.0 Fighting
 - Level 5.0 Armour
 + Level 9.6 Dodging
 + Level 16.4 Unarmed Combat
 * Level 7.0 Spellcasting
 - Level 3.0 Conjurations
 - Level 3.0 Translocations
 - Level 8.0 Transmutations
 - Level 8.0 Ice Magic
 - Level 3.0 Air Magic
 - Level 5.0 Poison Magic
 - Level 8.2 Invocations


You had 9 spell levels left.
You knew the following spells:

 Your Spells              Type           Power      Damage    Failure   Level
a - Beastly Appendage     Tmut           78%        N/A       1%          1
b - Blink                 Tloc           38%        N/A       4%          2
c - Wereblood             Tmut           39%        N/A       1%          2
d - Ice Form              Ice/Tmut       39%        N/A       3%          4
e - Mephitic Cloud        Conj/Pois/Air  21%        N/A       6%          3
f - Vhi's Electric Charg  Tloc/Air       38%        N/A       9%          3
g - Spider Form           Tmut/Pois      33%        N/A       1%          3

Your spell library contained the following spells:

 Spells                   Type           Power      Damage    Failure   Level
 Ozocubu's Armour         Ice            39%        N/A       1%          3
 Magic Dart               Conj           76%        1d6       2%          1
 Shock                    Conj/Air       76%        1d7       2%          1
 Poisonous Vapours        Pois/Air       46%        N/A       2%          2
 Lesser Beckoning         Tloc           38%        N/A       4%          2
 Gell's Gravitas          Tloc           19%        N/A       9%          3
 Swiftness                Air            19%        N/A       9%          3
 Teleport Other           Tloc           19%        N/A       9%          3
 Call Imp                 Summ           14%        N/A       14%         2
 Portal Projectile        Hex/Tloc       26%        N/A       16%         3
 Alistair's Intoxication  Tmut/Pois      22%        N/A       19%         5
 Manifold Assault         Tloc           19%        N/A       26%         4
 Call Canine Familiar     Summ           7%         N/A       28%         3
 Freezing Cloud           Conj/Ice/Air   12%        6-21      36%         5
 Arcjolt                  Conj/Air       9%         1d19      58%         5
 Anguish                  Hex/Necr       3%         N/A       67%         4
 Animate Armour           Summ/Erth      14%        N/A       67%         4
 Cause Fear               Hex            3%         N/A       67%         4
 Leda's Liquefaction      Hex/Erth       3%         N/A       67%         4
 Borgnjor's Vile Clutch   Necr/Erth      3%         N/A       95%         5
 Conjure Ball Lightning   Conj/Air       9%         3x3d6     99%         6
 Enfeeble                 Hex            3%         N/A       100%        7
 Spellforged Servitor     Conj/Summ      6%         N/A       100%        7
 Storm Form               Tmut/Air       14%        N/A       100%        7
 Discord                  Hex            3%         N/A       100%        8
 Disjunction              Tloc           9%         N/A       100%        8
 Maxwell's Capacitive Co  Air            9%         ∞         100%        8


Dungeon Overview and Level Annotations

Branches:
Dungeon (14/15) Zot: 2786  Temple (1/1) D:6 Zot: 598    Lair (0/5) D:8
    Orc (0/2) D:9          Bailey (visited)         Gauntlet (visited)
 Vaults: D:13-14

Altars:
Ashenzari
Cheibriados
Fedhas
Gozag
Hepliaklqana
Kikubaaqudgha
Makhleb
Uskayaw
Vehumet
Wu Jian
Xom
The Shining One

Shops:
D:7 ?   D:11 :*

Portals:
Abyss: D:4

Annotations:
D:13 3 runed translucent doors, Valagong's ghost, journeyman MiFi


Innate Abilities, Weirdness & Mutations

You have temporarily grown beastly horns and talons.
You passively map the area around you.
You are easily found by Zot.
You glow in the dark.
You regain HP and MP as you explore.


Message History

You are engulfed in blazing flames.
You resist.
* * * LOW HITPOINT WARNING * * *
The fire crab breathes flames at you. The blast of flame misses you.
The vampire mosquito is engulfed in blazing flames.
The vampire mosquito barely misses you.
The vampire mosquito is engulfed in blazing flames.
You now have 15/113 hp.
You feel much better.
The vampire mosquito completely misses you.
You regained 27 hp, and now have 42/113 hp.
You are now empty-handed.
Casting: Wereblood (safe; 1% risk of failure)
Confirm with . or Enter, or press ? or * to list all spells.
Okay, then.
Casting: Wereblood (safe; 1% risk of failure)
Confirm with . or Enter, or press ? or * to list all spells.
You grow a pair of large bovine horns.
Your feet morph into talons.
Your +1 helmet melds into your body.
The vampire mosquito barely misses you.
You howl as the wereblood boils in your veins!
The fire crab barely misses you. The fire crab completely misses you.
You regained 4 hp, and now have 46/113 hp.
You pummel the fire crab!! You claw the fire crab.
The fire crab is heavily wounded.
You hit the fire crab but do no damage.
You claw the fire crab, but do no damage.
You punch the fire crab, but do no damage.
The fire crab is heavily wounded.
You howl as the wereblood boils in your veins!
The fire crab bites you.
You are engulfed in flames.
You resist.
The fire crab claws you but does no damage.
The six-headed hydra closely misses you.
The six-headed hydra bites you. The six-headed hydra barely misses you.
The six-headed hydra bites you!
* * * LOW HITPOINT WARNING * * *
The six-headed hydra bites you.
* * * LOW HITPOINT WARNING * * *
The six-headed hydra bites you.
* * * LOW HITPOINT WARNING * * *
You take 28 damage, and have 18/113 hp.
MASSIVE DAMAGE!!
The six-headed hydra attacks as you move away!
The six-headed hydra bites you but does no damage.
The six-headed hydra closely misses you.
The six-headed hydra bites you!
* * * LOW HITPOINT WARNING * * *
The six-headed hydra closely misses you.
The six-headed hydra bites you. The Shining One protects you from harm!
The six-headed hydra bites you.
You die...

#***##.#*#................# **,*
*,,,,....................## **,,*
*,,,,..#..##............##***,***
*,*,,.###.*##............**,,**
*,**,***,,,***,........#*,,,**
*,*****,,,,* **.......#****** *,*
*...,,* *#.....#* *,* *#....*
#.t..#* *,****##...* ##@#>**
*,,,,,.....####D##**
#*****###..##yy##
#*#..,.......y## ##..#*###.....#
.#.#* ##....# ...### ##....#
.....####.....# ...#..........#
**** ******


You could see a six-headed hydra, a fire crab and 3 vampire mosquitoes.

Vanquished Creatures
  A minotaur (Gauntlet)
  Erolcha (D:11)
  A centaur warrior (D:7)
  Erica (D:8)
  5 two-headed ogres
  3 boulder beetles
  6 death yaks (Gauntlet)
  A tengu warrior (D:8)
  Nergalle (D:11)
  A necromancer (Gauntlet)
  A deep elf pyromancer (D:12)
  The ghost of AccursedSamuel the Cutter, a novice HuMo (D:5)
  A cyclops (D:13)
  A toenail golem (D:4)
  An ugly thing (D:13)
  The ghost of cheesebisquit the Sneak, a novice DrFE (D:4)
  A gargoyle (D:9)
  2 unseen horrors
  Psyche (D:8)
  An efreet (D:8)
  A kobold demonologist (D:13)
  4 trolls
  A hornet (shapeshifter) (D:13)
  3 slime creatures (D:13)
  2 vampires
  4 water elementals (D:10)
  Sigmund (D:3)
  2 centaur simulacra (Gauntlet)
  A wraith (D:12)
  A shadow (D:11)
  3 yaks (D:10)
  A basilisk (D:13)
  A vampire mosquito (D:13)
  A steam dragon (D:8)
  3 chaos spawn (Gauntlet)
  A neqoxec (Gauntlet)
  3 water moccasins
  Duvessa (D:6)
  A meliai simulacrum (Gauntlet)
  19 orc warriors
  3 ice beasts
  4 black bears
  A sky beast (D:8)
  3 ogres
  5 centaurs
  3 phantoms
  7 kobold brigands
  3 bullfrogs
  A scorpion (D:5)
  2 gnoll sergeants
  Dowan (D:6)
  15 wights
  16 killer bees
  2 howler monkeys
  A wyvern simulacrum (Gauntlet)
  2 gnoll boudas
  4 hounds
  4 orc priests
  2 jellies
  Terence (D:2)
  6 iguanas
  7 orc wizards
  A boggart simulacrum (Gauntlet)
  Robin (D:2)
  5 adders
  11 gnolls
  A river rat (D:5)
  3 shadow imps (D:7)
  A white imp (D:6)
  2 ufetubi
  A worm (D:2)
  54 orcs
  6 ball pythons
  2 endoplasms (D:1)
  2 giant cockroaches
  12 goblins
  6 hobgoblins
  2 jackals (D:3)
  4 quokkas
  A bat (D:3)
  16 kobolds
  3 rats
313 creatures vanquished.

Vanquished Creatures (others)
  An orc (D:8)
1 creature vanquished.

Grand Total: 314 creatures vanquished

Notes
Turn   | Place    | Note
-------+----------+-------------------------------------------
     0 | D:1      | backslashecho the Meteoran Transmuter began the quest for
                  | the Orb.
     0 | D:1      | Reached XP level 1. HP: 16/16 MP: 5/5
   156 | D:1      | Reached XP level 2. HP: 23/23 MP: 6/6
   331 | D:2      | Noticed Terence
   344 | D:2      | Killed Terence
   345 | D:2      | Reached skill level 4 in Unarmed Combat
   345 | D:2      | Reached XP level 3. HP: 12/28 MP: 8/8
   487 | D:2      | Reached XP level 4. HP: 32/35 MP: 7/9
   491 | D:2      | Noticed Robin
   497 | D:2      | Killed Robin
   580 | D:2      | Found a faded altar of an unknown god.
   585 | D:2      | Prayed at the altar of an unknown god.
   585 | D:2      | Became a worshipper of the Shining One
   585 | D:2      | Reached * piety under the Shining One
   769 | D:3      | Learned a level 2 spell: Wereblood
   885 | D:3      | Noticed an orc warrior
   903 | D:3      | Killed an orc warrior
   904 | D:3      | Reached skill level 5 in Transmutations
   904 | D:3      | Reached skill level 1 in Invocations
   904 | D:3      | Reached XP level 5. HP: 28/41 MP: 6/10
   904 | D:3      | Reached XP level 6. HP: 33/48 MP: 6/11
   942 | D:3      | Noticed Sigmund
   948 | D:3      | Killed Sigmund
   949 | D:3      | Reached skill level 5 in Unarmed Combat
   949 | D:3      | Reached XP level 7. HP: 47/55 MP: 10/12
  1182 | D:4      | Learned a level 3 spell: Spider Form
  1201 | D:4      | Noticed a toenail golem
  1209 | D:4      | Found a transporter.
  1228 | D:4      | Noticed cheesebisquit's ghost (novice DrFE)
  1250 | D:4      | Found a transporter.
  1254 | D:4      | Found a one-way gate to the infinite horrors of the Abyss.
  1301 | D:4      | Killed a toenail golem
  1302 | D:4      | Reached skill level 6 in Unarmed Combat
  1302 | D:4      | Reached skill level 5 in Invocations
  1302 | D:4      | Reached XP level 8. HP: 27/61 MP: 9/13
  1324 | D:4      | Killed cheesebisquit's ghost
  1325 | D:4      | Reached skill level 7 in Unarmed Combat
  1326 | D:4      | HP: 1/61 [small abomination (10)]
  1373 | D:5      | Entered Level 5 of the Dungeon
  1485 | D:4      | Learned a level 2 spell: Blink
  1490 | D:4      | Learned a level 4 spell: Ice Form
  1563 | D:4      | Reached skill level 1 in Ice Magic
  1563 | D:4      | Gained mutation: You passively map the area around you.
                  | [Meteoran growth]
  1563 | D:4      | Reached XP level 9. HP: 51/67 MP: 15/15
  1684 | D:5      | Found a runed translucent door.
  1685 | D:5      | Noticed AccursedSamuel's ghost (novice HuMo)
  1686 | D:5      | Reached ** piety under the Shining One
  1698 | D:5      | Reached skill level 8 in Unarmed Combat
  1714 | D:5      | Killed AccursedSamuel's ghost
  1759 | D:5      | Found a runed translucent door.
  1859 | D:5      | Reached skill level 5 in Ice Magic
  2102 | D:5      | Reached skill level 9 in Unarmed Combat
  2102 | D:5      | Reached XP level 10. HP: 63/74 MP: 12/17
  2241 | D:6      | Found a staircase to the Ecumenical Temple.
  2250 | Temple   | Entered the Ecumenical Temple
  2305 | D:6      | Noticed Duvessa
  2311 | D:6      | Noticed Dowan
  2317 | D:6      | Killed Duvessa
  2318 | D:6      | Killed Dowan
  2905 | D:7      | Reached skill level 10 in Unarmed Combat
  2913 | D:7      | Reached skill level 5 in Fighting
  2923 | D:7      | Noticed a centaur warrior
  2930 | D:7      | Killed a centaur warrior
  2964 | D:7      | Reached XP level 11. HP: 86/86 MP: 18/18
  3141 | D:7      | Found a hazy altar of Hepliaklqana.
  3142 | D:7      | Found a shimmering altar of Xom.
  3143 | D:7      | Noticed a wretched star
  3143 | D:7      | Noticed a wretched star
  3175 | D:7      | Reached skill level 5 in Dodging
  3175 | D:7      | Reached skill level 11 in Unarmed Combat
  3181 | D:7      | Found Beloefer's Magic Scroll Shop.
  3189 | D:7      | Bought a scroll of teleportation for 39 gold pieces
  3189 | D:7      | Bought a scroll of teleportation for 39 gold pieces
  3189 | D:7      | Bought a scroll of magic mapping for 97 gold pieces
  3278 | D:8      | Noticed Psyche
  3281 | D:8      | Reached *** piety under the Shining One
  3286 | D:8      | Killed Psyche
  3400 | D:8      | Found a staircase to the Lair.
  3427 | D:8      | Found a hide-covered altar of Uskayaw.
  3465 | D:8      | Noticed a tengu warrior
  3480 | D:8      | Killed a tengu warrior
  3481 | D:8      | Reached skill level 12 in Unarmed Combat
  3496 | D:8      | Noticed Erica
  3513 | D:8      | Killed Erica
  3545 | D:8      | Found a burning altar of Makhleb.
  3622 | D:8      | Found a snail-covered altar of Cheibriados.
  3639 | D:8      | Noticed a boulder beetle
  3656 | D:8      | Noticed a boulder beetle
  3675 | D:8      | Killed a boulder beetle
  3676 | D:8      | Reached skill level 13 in Unarmed Combat
  3681 | D:8      | Killed a boulder beetle
  3682 | D:8      | Reached XP level 12. HP: 61/94 MP: 8/19
  3757 | D:9      | Found a blossoming altar of Fedhas.
  3817 | D:9      | Reached skill level 1 in Armour
  3827 | D:9      | Noticed a two-headed ogre
  3831 | D:9      | Killed a two-headed ogre
  3868 | D:9      | Reached **** piety under the Shining One
  3883 | D:9      | Noticed a two-headed ogre
  3896 | D:9      | Killed a two-headed ogre
  3949 | D:9      | Found a staircase to the Orcish Mines.
  4063 | D:10     | Entered Level 10 of the Dungeon
  4074 | D:10     | Found an opulent altar of Gozag.
  4148 | D:10     | Found a radiant altar of Vehumet.
  4148 | D:10     | Found an ancient bone altar of Kikubaaqudgha.
  4164 | D:10     | Identified the +4 great sword "Liquuroom" {drain, Int+2}
  4167 | D:10     | Found a flagged portal.
  4176 | Bailey   | Entered a bailey
  4245 | Bailey   | Found a burning altar of Makhleb.
  4268 | Bailey   | Identified the +1 plate armour of Eternal Vigilance {Str+5
                  | Dex-5}
  4270 | Bailey   | Got Gabb's Volume of Disestablishmentarianism
  4389 | D:10     | Reached skill level 14 in Unarmed Combat
  4423 | D:10     | Found an ornate altar of the Wu Jian Council.
  4448 | D:10     | Reached skill level 5 in Armour
  4553 | D:10     | Found a broken altar of Ashenzari.
  4773 | D:12     | Noticed a two-headed ogre
  4773 | D:12     | Noticed a deep elf pyromancer
  4780 | D:11     | Killed a two-headed ogre
  4793 | D:11     | Noticed Nergalle
  4804 | D:11     | Killed Nergalle
  4807 | D:11     | Noticed a two-headed ogre
  4813 | D:11     | Killed a two-headed ogre
  4814 | D:11     | Reached XP level 13. HP: 102/102 MP: 19/21
  4840 | D:11     | Found Vatwemept's Gadget Gallery.
  4848 | D:11     | Bought a phantom mirror for 600 gold pieces
  4880 | D:11     | Noticed a two-headed ogre
  4888 | D:11     | Killed a two-headed ogre
  4889 | D:11     | Reached skill level 5 in Spellcasting
  4901 | D:11     | Learned a level 3 spell: Mephitic Cloud
  5011 | D:11     | Noticed Erolcha
  5023 | D:11     | Killed Erolcha
  5024 | D:11     | Reached skill level 1 in Translocations
  5091 | D:11     | Learned a level 3 spell: Vhi's Electric Charge
  5138 | D:11     | Found Ikhlakizu's Tiny Tomes.
  5146 | D:11     | Bought Sif Muna's Tome of Ozone for 88 gold pieces
  5146 | D:11     | Bought Unneq's Meditations on Poisoning for 132 gold pieces
  5366 | D:12     | Reached skill level 1 in Conjurations
  5366 | D:12     | Reached skill level 1 in Air Magic
  5633 | D:13     | Reached skill level 15 in Unarmed Combat
  5637 | D:13     | Reached skill level 5 in Poison Magic
  5651 | D:13     | Found a gate leading to a gauntlet.
  5660 | Gauntlet | Entered a Gauntlet
  5660 | Gauntlet | Reached ***** piety under the Shining One
  5660 | Gauntlet | Found a transporter.
  5664 | Gauntlet | Found a transporter.
  5664 | Gauntlet | Found a transporter.
  5679 | Gauntlet | Found a transporter.
  5685 | Gauntlet | Found a runed translucent door.
  5685 | Gauntlet | Found a runed translucent door.
  5688 | Gauntlet | Found a transporter.
  5689 | Gauntlet | Found a transporter.
  5689 | Gauntlet | Found a transporter.
  5710 | Gauntlet | Noticed a death yak
  5711 | Gauntlet | Noticed a death yak
  5711 | Gauntlet | Noticed a death yak
  5714 | Gauntlet | Noticed a death yak
  5715 | Gauntlet | Noticed a death yak
  5716 | Gauntlet | Noticed a death yak
  5730 | Gauntlet | Killed a death yak
  5734 | Gauntlet | Killed a death yak
  5741 | Gauntlet | Killed a death yak
  5742 | Gauntlet | Reached skill level 16 in Unarmed Combat
  5744 | Gauntlet | Killed a death yak
  5747 | Gauntlet | Killed a death yak
  5753 | Gauntlet | Killed a death yak
  5762 | Gauntlet | Found a transporter.
  5765 | Gauntlet | Found a transporter.
  5765 | Gauntlet | Found a transporter.
  5774 | Gauntlet | Noticed a quicksilver ooze
  5795 | Gauntlet | Identified the +5 ring mail of Kikubaaqudgha's Wrath {Drain
                  | rF+ rC+}
  5795 | Gauntlet | Noticed a minotaur
  5804 | Gauntlet | Killed a minotaur
  5810 | Gauntlet | Identified the +2 trident "Wimenimm" {freeze, Fragile rPois
                  | Dex+2}
  5817 | Gauntlet | Got Sif Muna's Meditations on the Helpful Iceberg
  5896 | D:13     | Noticed a boulder beetle
  5897 | D:13     | Identified the +0 scale mail "Zuvy" {Rampage rCorr Dex+4}
  5907 | D:13     | Killed a boulder beetle
  5913 | D:13     | Found a runed translucent gate.
  5914 | D:13     | Found a runed translucent gate.
  5915 | D:13     | Found a runed translucent gate.
  5917 | D:13     | Noticed Valagong's ghost (journeyman MiFi)
  5932 | D:14     | Noticed a centaur warrior
  5932 | D:14     | Noticed a centaur warrior
  5932 | D:14     | Noticed a catoblepas
  5957 | D:13     | Reached XP level 14. HP: 111/111 MP: 21/24
  6089 | D:13     | The Shining One protects you from harm!
  6089 | D:13     | Slain by a six-headed hydra

Illustrated notes

Levels and vault maps discovered:
D:1:      elethiomel_arrival_infinity_welcomes_careful_drivers, layout_basic,
          nicolae_figureground_pulse
D:2:      layout_loops_cross, shapermc_ecumenical_altar_mp_urbaneastern,
          minmay_pentomino_v2, uniq_terence, uniq_robin
D:3:      layout_loops_cross, uniq_sigmund
D:4:      layout_basic, gammafunk_ghost_abyssal_escape
D:5:      layout_basic, ebering_ghost_sewer_f
D:6:      layout_layer_cave, lemuel_temple_firewalk_b, uniq_duvessa
D:7:      nzn_winding_woodlands_medium [nzn_winding_woodlands_5x5_default,
          nzn_winding_woodlands_5x15_parted,
          nzn_winding_woodlands_5x5_open_star, nzn_winding_woodlands_5x5_cross,
          nzn_winding_woodlands_center_lodge,
          nzn_winding_woodlands_5x5_perimeter,
          nzn_winding_woodlands_5x5_checkerboard,
          nzn_winding_woodlands_5x15_garden, nzn_winding_woodlands_5x5_three],
          layout_basic, regret_index_temple_of_mockery, serial_shops,
          nicolae_shop_temple_entry_statues_fountains,
          nicolae_shop_pleasant_corner_grove, kennysheep_mini_moat
D:8:      cheibrodos_fzero, layout_rooms, cheibriados_altar_1,
          mainiacjoe_overflow_catwalk, kennysheep_mini, uniq_erica, uniq_psyche
D:9:      layout_rooms, amcnicky_altar_gilded, orc_0_dummy
D:10:     layout_cave_pods, gammafunk_temple_overflow_pools,
          nicolae_ashenzari_skybound, mainiacjoe_overflow_small_starburst,
          nicolae_overflow_crystal_walls, enter_bailey_6,
          nicolae_underground_beach
D:11:     layout_grid_maze, nicolae_shop_i_like_small_books_too,
          hangedman_abyss_or_decor_stabs, nicolae_shop_gadgets, uniq_erolcha,
          uniq_nergalle
D:12:     layout_roguey [special_room_orc], gammafunk_ghost_grave, st_stairs_10
D:13:     layout_layer_cave, gammafunk_ghost_spectres, gauntlet_entry_generic,
          nicolae_straight_to_the_point
D:14:     layout_cave_pools, skrybe_vaults_entry_preservation,
          minmay_misc_feat_columns, tso_oasis_becter
Temple:   minmay_temple_curvy_loop

Skill      XL: |  1  2  3  4  5  6  7  8  9 10 11 12 13 14 |
---------------+-------------------------------------------+-----
Transmutations | 3 5 8 |  8.0
Dodging        | 3 4 9 |  9.6
Unarmed Combat | 4 5 6 7 9 10 13 14 16 | 16.4
Fighting       | 2 5 6 7 |  7.0
Invocations    | 1 3 5 7 8 |  8.2
Poison Magic   | 3 4 5 |  5.0
Ice Magic      | 1 5 8 |  8.0
Armour         | 5 |  5.0
Spellcasting   | 4 6 7 |  7.0
Translocations | 3 |  3.0
Conjurations   | 3 |  3.0
Air Magic      | 3 |  3.0

Action                     |  1- 3 |  4- 6 |  7- 9 | 10-12 | 13-15 || total
---------------------------+-------+-------+-------+-------+-------++-------
  Melee: Unarmed           |    46 |    66 |   107 |   406 |   183 ||   808
         Kick              |     5 |    12 |    20 |    25 |     3 ||    65
         Headbutt          |     2 |     6 |    14 |    11 |       ||    33
         Punch             |     1 |     2 |     6 |     4 |     3 ||    16
   Fire: Shortbow          |       |       |       |     1 |     3 ||     4
   Cast: Beastly Appendage |     6 |     5 |     8 |     7 |     2 ||    28
         Ice Form          |       |       |     3 |    20 |    12 ||    35
         Spider Form       |       |       |     2 |     3 |       ||     5
         Wereblood         |       |       |       |    16 |     6 ||    22
         Mephitic Cloud    |       |       |       |       |     6 ||     6
 Invoke: Divine Shield     |       |     1 |     1 |     3 |     1 ||     6
Ability: End Transformatio |       |       |       |     1 |     3 ||     4
  Evoke: Wand              |       |       |       |     5 |     1 ||     6
    Use: Potion            |     1 |     5 |     2 |       |     1 ||     9
         Scroll            |       |       |     4 |    14 |     5 ||    23
 Armour: Robe              |    15 |    13 |    23 |     2 |     3 ||    56
         Skin              |     3 |       |    10 |   140 |    48 ||   201
         Ring mail         |       |       |       |    35 |       ||    35
  Dodge: Dodged            |    17 |    34 |    34 |   220 |   120 ||   425
  Block: Other             |       |     3 |     3 |     8 |     3 ||    17
